[ AOE2 MATCH · #507096022 ]
UnrankedMaya vs Wu
Player's team · LOSS
Rival team · WIN
[ REPLAY ANALYSIS · EXTRACTED FROM THE RECORDED GAME ]
Feudal
8:28
Castle
22:05
Imperial
—
| APM avg | 70.8 |
| APM peak | 103 |
| eAPM avg | 33.5 |
| Villagers / military | 135 / 146 |
Focus
⚔️ 35.9% · 🌾 64.1%
Eagle Scout ×99 · Archer ×32 · Plumed Archer ×14 · Monk ×1
Feudal
8:52
Castle
24:05
Imperial
—
| APM avg | 95.9 |
| APM peak | 135 |
| eAPM avg | 39.7 |
| Villagers / military | 130 / 79 |
Focus
⚔️ 60.1% · 🌾 39.9%
Skirmisher ×40 · Unknown (1974) ×39 · Militia ×34 · Battering Ram ×3 · Spearman ×2
Match map
Initial resources + every placement click. Lines = walls · curves = elevation contours. ◆ gold · ⬟ stone · ● berries · ✦ relic · ◌ wall gap
Your base· ✓ Closed at 22:05 · 45t walls · 1 gate(s)
DolunaK's base· ✓ Closed at 24:05 · 43t walls · 2 gate(s)
Smoothed initial terrain · ◌ = detected wall gap · hover for details
Inputs per minute
— _TieuQuy - - DolunaK
Build order — _TieuQuy
First 150 of 345 actions detected
| 0:01 | Research | Loom |
| 0:01 | Research | Loom |
| 0:03 | Build | House |
| 0:04 | Build | House |
| 0:13 | Queue | Villager (Male) |
| 0:13 | Queue | Villager (Male) |
| 0:13 | Queue | Villager (Male) |
| 1:26 | Queue | Villager (Male) |
| 1:27 | Queue | Villager (Male) |
| 1:50 | Queue | Villager (Male) |
| 1:50 | Queue | Villager (Male) |
| 1:52 | Build | Lumber Camp |
| 2:24 | Queue | Villager (Male) |
| 2:25 | Queue | Villager (Male) |
| 2:54 | Queue | Villager (Male) |
| 2:54 | Queue | Villager (Male) |
| 2:54 | Queue | Villager (Male) |
| 3:05 | Queue | Villager (Male) |
| 3:05 | Queue | Villager (Male) |
| 3:33 | Queue | Villager (Male) |
| 3:34 | Queue | Villager (Male) |
| 3:34 | Queue | Villager (Male) |
| 3:49 | Build | House |
| 4:07 | Queue | Villager (Male) |
| 4:11 | Build | Palisade Wall |
| 4:19 | Queue | Villager (Male) |
| 4:19 | Queue | Villager (Male) |
| 4:42 | Build | Palisade Wall |
| 4:43 | Build | Palisade Wall |
| 5:08 | Queue | Villager (Male) |
| 5:30 | Build | Mining Camp |
| 5:36 | Queue | Villager (Male) |
| 6:18 | Research | Feudal Age |
| 6:19 | Research | Feudal Age |
| 6:50 | Build | House |
| 7:02 | Build | Palisade Wall |
| 7:03 | Build | Palisade Wall |
| 7:24 | Queue | Villager (Male) |
| 7:29 | Build | Palisade Wall |
| 7:43 | Build | Barracks |
| 8:10 | Build | Palisade Wall |
| 8:28 | Age | Feudal Age |
| 8:37 | Build | Archery Range |
| 8:41 | Queue | Villager (Male) |
| 8:53 | Build | Palisade Gate |
| 9:03 | Queue | Villager (Male) |
| 9:14 | Queue | Villager (Male) |
| 9:16 | Build | House |
| 9:26 | Queue | Archer |
| 9:35 | Queue | Villager (Male) |
| 9:37 | Queue | Archer |
| 9:38 | Queue | Eagle Scout |
| 9:54 | Research | Double-Bit Axe |
| 9:54 | Research | Double-Bit Axe |
| 9:54 | Research | Double-Bit Axe |
| 9:57 | Build | House |
| 10:07 | Queue | Villager (Male) |
| 10:17 | Queue | Archer |
| 10:17 | Queue | Archer |
| 10:42 | Build | Lumber Camp |
| 11:06 | Queue | Villager (Male) |
| 11:06 | Queue | Villager (Male) |
| 11:25 | Queue | Villager (Male) |
| 11:25 | Queue | Villager (Male) |
| 11:46 | Build | Mill |
| 11:56 | Queue | Archer |
| 12:02 | Queue | Villager (Male) |
| 12:02 | Queue | Villager (Male) |
| 12:02 | Queue | Villager (Male) |
| 12:04 | Build | House |
| 12:26 | Build | Blacksmith |
| 12:34 | Queue | Archer |
| 12:34 | Queue | Archer |
| 12:37 | Queue | Villager (Male) |
| 12:37 | Queue | Villager (Male) |
| 12:48 | Queue | Villager (Male) |
| 12:48 | Queue | Villager (Male) |
| 12:59 | Build | Farm |
| 13:11 | Queue | Eagle Scout |
| 13:22 | Build | Farm |
| 13:31 | Research | Fletching |
| 13:31 | Research | Fletching |
| 13:32 | Research | Fletching |
| 13:33 | Build | House |
| 13:38 | Queue | Villager (Male) |
| 13:49 | Build | House |
| 13:51 | Queue | Archer |
| 13:52 | Queue | Archer |
| 14:06 | Queue | Villager (Male) |
| 14:21 | Queue | Villager (Male) |
| 14:23 | Build | Farm |
| 14:30 | Build | Palisade Wall |
| 14:35 | Queue | Archer |
| 14:37 | Queue | Villager (Male) |
| 14:55 | Queue | Villager (Male) |
| 15:23 | Queue | Eagle Scout |
| 15:24 | Queue | Villager (Male) |
| 15:35 | Research | Scale Mail Armor |
| 15:35 | Research | Scale Mail Armor |
| 15:38 | Queue | Villager (Male) |
| 15:40 | Build | Farm |
| 15:42 | Build | Farm |
| 15:45 | Queue | Archer |
| 15:59 | Build | Farm |
| 16:05 | Queue | Eagle Scout |
| 16:12 | Build | House |
| 16:31 | Queue | Villager (Male) |
| 16:32 | Build | Farm |
| 16:33 | Build | Farm |
| 16:35 | Build | Farm |
| 16:40 | Build | House |
| 16:51 | Queue | Eagle Scout |
| 16:56 | Queue | Villager (Male) |
| 16:57 | Build | Farm |
| 17:13 | Build | House |
| 17:26 | Queue | Archer |
| 17:48 | Queue | Archer |
| 17:49 | Queue | Eagle Scout |
| 17:58 | Queue | Villager (Male) |
| 18:12 | Queue | Villager (Male) |
| 18:14 | Build | Farm |
| 18:27 | Queue | Archer |
| 18:33 | Build | Farm |
| 18:34 | Queue | Villager (Male) |
| 18:49 | Build | Market |
| 19:25 | Research | Castle Age |
| 19:25 | Research | Castle Age |
| 19:26 | Queue | Archer |
| 19:39 | Queue | Archer |
| 19:45 | Build | House |
| 19:53 | Queue | Eagle Scout |
| 19:56 | Build | Barracks |
| 20:06 | Build | House |
| 20:14 | Queue | Archer |
| 20:24 | Research | Forging |
| 20:30 | Build | Market |
| 20:37 | Queue | Eagle Scout |
| 20:40 | Queue | Eagle Scout |
| 20:50 | Queue | Archer |
| 20:53 | Build | House |
| 20:57 | Build | House |
| 21:02 | Queue | Eagle Scout |
| 21:02 | Queue | Eagle Scout |
| 21:23 | Queue | Villager (Male) |
| 21:44 | Queue | Eagle Scout |
| 21:44 | Queue | Eagle Scout |
| 21:45 | Queue | Archer |
| 22:03 | Build | House |
| 22:05 | Age | Castle Age |
| 22:21 | Research | Squires |
Build order — DolunaK
First 150 of 413 actions detected
| 0:00 | Queue | Villager (Male) |
| 0:00 | Queue | Villager (Male) |
| 0:01 | Queue | Villager (Male) |
| 0:01 | Build | House |
| 0:02 | Build | House |
| 0:09 | Queue | Villager (Male) |
| 0:09 | Queue | Villager (Male) |
| 1:24 | Queue | Villager (Male) |
| 1:25 | Queue | Villager (Male) |
| 1:47 | Queue | Villager (Male) |
| 1:48 | Queue | Villager (Male) |
| 1:54 | Build | Lumber Camp |
| 2:21 | Queue | Villager (Male) |
| 2:21 | Queue | Villager (Male) |
| 2:46 | Queue | Villager (Male) |
| 2:46 | Queue | Villager (Male) |
| 2:49 | Queue | Villager (Male) |
| 2:50 | Queue | Villager (Male) |
| 3:02 | Build | House |
| 3:12 | Build | House |
| 3:33 | Queue | Villager (Male) |
| 3:33 | Queue | Villager (Male) |
| 4:01 | Queue | Villager (Male) |
| 4:01 | Queue | Villager (Male) |
| 4:29 | Queue | Villager (Male) |
| 4:29 | Queue | Villager (Male) |
| 4:29 | Queue | Villager (Male) |
| 4:51 | Queue | Villager (Male) |
| 4:51 | Queue | Villager (Male) |
| 5:07 | Build | Barracks |
| 5:18 | Queue | Villager (Male) |
| 5:18 | Queue | Villager (Male) |
| 5:18 | Queue | Villager (Male) |
| 5:45 | Build | House |
| 5:54 | Research | Loom |
| 6:42 | Research | Feudal Age |
| 6:42 | Research | Feudal Age |
| 6:54 | Queue | Militia |
| 6:54 | Queue | Militia |
| 6:57 | Build | Mining Camp |
| 7:27 | Queue | Militia |
| 8:41 | Build | House |
| 8:52 | Age | Feudal Age |
| 8:54 | Research | Man-at-Arms (upgrade) |
| 8:55 | Research | Double-Bit Axe |
| 9:00 | Queue | Villager (Male) |
| 9:08 | Build | Watch Tower |
| 9:17 | Queue | Villager (Male) |
| 9:23 | Build | Archery Range |
| 9:29 | Build | House |
| 9:45 | Build | House |
| 9:47 | Build | Palisade Wall |
| 9:50 | Queue | Villager (Male) |
| 9:52 | Build | Palisade Gate |
| 10:06 | Queue | Villager (Male) |
| 10:27 | Queue | Villager (Male) |
| 10:32 | Build | House |
| 10:33 | Queue | Skirmisher |
| 10:56 | Build | Palisade Wall |
| 10:56 | Build | Palisade Wall |
| 10:57 | Build | Palisade Wall |
| 10:57 | Build | Palisade Wall |
| 10:59 | Build | House |
| 11:04 | Queue | Skirmisher |
| 11:08 | Build | Palisade Wall |
| 11:15 | Queue | Villager (Male) |
| 11:22 | Build | Mill |
| 11:24 | Queue | Villager (Male) |
| 11:43 | Queue | Villager (Male) |
| 11:49 | Build | Palisade Wall |
| 11:57 | Build | Palisade Wall |
| 12:08 | Build | Farm |
| 12:09 | Build | Farm |
| 12:15 | Queue | Skirmisher |
| 12:21 | Queue | Villager (Male) |
| 12:24 | Build | Farm |
| 12:31 | Queue | Skirmisher |
| 12:38 | Queue | Villager (Male) |
| 12:44 | Build | House |
| 12:54 | Build | Palisade Gate |
| 13:02 | Build | Farm |
| 13:06 | Queue | Villager (Male) |
| 13:18 | Queue | Skirmisher |
| 13:27 | Build | Farm |
| 13:32 | Queue | Villager (Male) |
| 13:32 | Queue | Villager (Male) |
| 13:33 | Queue | Villager (Male) |
| 13:42 | Build | Farm |
| 13:44 | Build | Farm |
| 13:54 | Queue | Villager (Male) |
| 13:57 | Build | Farm |
| 14:06 | Build | Farm |
| 14:20 | Queue | Villager (Male) |
| 14:36 | Build | Blacksmith |
| 14:40 | Build | Farm |
| 14:49 | Build | House |
| 14:55 | Queue | Militia |
| 14:58 | Queue | Villager (Male) |
| 15:03 | Queue | Skirmisher |
| 15:08 | Build | Farm |
| 15:17 | Queue | Skirmisher |
| 15:25 | Queue | Villager (Male) |
| 15:26 | Research | Horse Collar |
| 15:27 | Research | Horse Collar |
| 15:29 | Build | House |
| 15:30 | Build | House |
| 15:36 | Research | Fletching |
| 15:36 | Research | Fletching |
| 15:45 | Build | Farm |
| 15:46 | Queue | Villager (Male) |
| 15:53 | Queue | Skirmisher |
| 16:03 | Build | Farm |
| 16:07 | Queue | Villager (Male) |
| 16:19 | Research | Man-at-Arms (upgrade) |
| 16:31 | Queue | Villager (Male) |
| 16:54 | Queue | Skirmisher |
| 16:55 | Research | Padded Archer Armor |
| 17:11 | Queue | Villager (Male) |
| 17:11 | Queue | Skirmisher |
| 17:11 | Queue | Skirmisher |
| 17:12 | Queue | Villager (Male) |
| 17:12 | Queue | Villager (Male) |
| 17:13 | Build | Farm |
| 17:25 | Queue | Skirmisher |
| 17:41 | Queue | Skirmisher |
| 17:42 | Queue | Villager (Male) |
| 17:42 | Queue | Villager (Male) |
| 17:50 | Queue | Militia |
| 18:00 | Queue | Skirmisher |
| 18:01 | Queue | Militia |
| 18:08 | Queue | Villager (Male) |
| 18:09 | Build | Farm |
| 18:10 | Build | Farm |
| 18:21 | Queue | Skirmisher |
| 18:22 | Queue | Militia |
| 18:26 | Build | Farm |
| 18:31 | Build | Farm |
| 18:43 | Queue | Skirmisher |
| 18:43 | Queue | Militia |
| 19:14 | Queue | Villager (Male) |
| 19:14 | Queue | Villager (Male) |
| 19:23 | Queue | Villager (Male) |
| 19:24 | Queue | Skirmisher |
| 19:25 | Queue | Militia |
| 19:26 | Queue | Villager (Male) |
| 19:28 | Build | Market |
| 19:31 | Build | Market |
| 19:33 | Build | Farm |
| 19:33 | Build | Farm |
| 19:33 | Build | Farm |
Match timeline
| 4:11 | _TieuQuy · wall_segment Palisade Wall x5 |
| 4:42 | _TieuQuy · wall_segment Palisade Wall x4 |
| 4:43 | _TieuQuy · wall_segment Palisade Wall x5 |
| 5:07 | DolunaK · first_building Barracks |
| 7:02 | _TieuQuy · wall_segment Palisade Wall x1 |
| 7:03 | _TieuQuy · wall_segment Palisade Wall x1 |
| 7:29 | _TieuQuy · wall_segment Palisade Wall x7 |
| 7:43 | _TieuQuy · first_building Barracks |
| 8:10 | _TieuQuy · wall_segment Palisade Wall x1 |
| 8:28 | _TieuQuy · age_up feudal |
| 8:37 | _TieuQuy · first_building Archery Range |
| 8:52 | DolunaK · age_up feudal |
| 9:23 | DolunaK · first_building Archery Range |
| 9:47 | DolunaK · wall_segment Palisade Wall x9 |
| 10:56 | DolunaK · wall_segment Palisade Wall x1 |
| 10:56 | DolunaK · wall_segment Palisade Wall x1 |
| 10:57 | DolunaK · wall_segment Palisade Wall x1 |
| 10:57 | DolunaK · wall_segment Palisade Wall x1 |
| 11:08 | DolunaK · wall_segment Palisade Wall x12 |
| 11:49 | DolunaK · wall_segment Palisade Wall x12 |
| 11:57 | DolunaK · wall_segment Palisade Wall x6 |
| 14:30 | _TieuQuy · wall_segment Palisade Wall x23 |
| 21:24 | DolunaK · first_market_buy 100 food |
| 21:24 | DolunaK · first_market_sell 100 wood |
| 22:05 | _TieuQuy · age_up castle |
| 22:23 | _TieuQuy · first_market_sell 100 wood |
| 24:05 | DolunaK · age_up castle |
| 28:21 | _TieuQuy · first_building Monastery |
| 29:25 | _TieuQuy · first_market_buy 100 food |
| 31:33 | _TieuQuy · first_building Castle |
| 34:06 | DolunaK · first_building Castle |
| 35:13 | DolunaK · first_building Siege Workshop |
| 38:14 | _TieuQuy · resign |
[ AI ANALYSIS · 1 CREDIT ]
What really happened in this match?
Wolo.gg analyzes every decision: build order, eco, micro, common mistakes by bracket. Personalized analysis on WhatsApp or Discord in 30 seconds.
Civ guide
Maya
Perfil
Jugador #2593750